[Event "4th Rome Open 2019"]
[Site "Rome"]
[Date "2019.12.10"]
[Round "3.1"]
[White "Tiviakov, Sergei"]
[Black "Levin, Evgeny A."]
[Result "1/2-1/2"]
[ECO "C07"]
[WhiteElo "2615"]
[BlackElo "2518"]
[Annotator "RC"]
[PlyCount "98"]
[EventDate "2019.12.08"]
[EventType "swiss"]
[EventCountry "ITA"]
[SourceTitle "playchess.com"]
[Source "ChessBase"]
[SourceQuality "1"]
[TimeControl "40/5400+30:1800+30"]

1. e4 e6 2. d4 d5 3. Nd2 c5 4. Ngf3 cxd4 5. Nxd4 Nf6 6. exd5 Nxd5 7. N2f3 Bb4+ 8. Bd2 O-O 9. Be2 Qb6 10. c3 Be7 11. Qb3 Nc6 12. Qxb6 axb6 13. O-O Nxd4 14. Nxd4 e5 15. Nb5 Be6 16. c4 Nf4 17. Bxf4 exf4 18. Nc7 Rad8 19. Nxe6 fxe6 20. Rad1 Bf6 21. b3 Rd4 22. Rxd4 Bxd4 23. Bf3 Rd8 24. Rd1 e5 25. Kf1 Rd7 26. a4 Kf7 27. Be4 h6 28. Ke2 Ke7 29. h4 Kd6 30. b4 Rc7 31. Bd5 Rc8 32. Rd3 Ra8 33. Ra3 Bb2 34. Ra2 Bc3 35. b5 Kc5 36. Kd3 Kb4 37. Bxb7 Ra7 38. Bd5 Bd4 39. h5 Rxa4 40. Rxa4+ Kxa4 41. f3 Kb4 42. Ke4 Kc5 43. Kf5 Kd6 44. Kg6 Ke7 45. c5 Bxc5 46. Kxg7 Bb4 47. Kxh6 Kf6 48. Kh7 Bf8 49. Be4 Bg7 1/2-1/2

[Event "4th Rome Open 2019"]
[Site "Rome"]
[Date "2019.12.10"]
[Round "3.2"]
[White "Kanmazalp, Ogulcan"]
[Black "Smirnov, Anton"]
[Result "1/2-1/2"]
[ECO "C07"]
[WhiteElo "2462"]
[BlackElo "2585"]
[Annotator "RC"]
[PlyCount "84"]
[EventDate "2019.12.08"]
[EventType "swiss"]
[EventCountry "ITA"]
[SourceTitle "playchess.com"]
[Source "ChessBase"]
[SourceQuality "1"]
[TimeControl "40/5400+30:1800+30"]

1. e4 e6 2. d4 d5 3. Nd2 c5 4. exd5 Qxd5 5. Ngf3 cxd4 6. Bc4 Qd7 7. O-O Nc6 8. Nb3 Nf6 9. Qe2 a6 10. a4 Bd6 11. Rd1 e5 12. Nbxd4 Nxd4 13. Rxd4 Qe7 14. Rxd6 Qxd6 15. b3 Be6 16. Ba3 Bxc4 17. Qxc4 Qc6 18. Qxc6+ bxc6 19. Nxe5 c5 20. Bxc5 Nd7 21. Nxd7 Kxd7 22. a5 Rac8 23. b4 Kc6 24. Bd4 Kb5 25. c3 f6 26. f3 Rhe8 27. Kf2 Rcd8 28. g4 Rd5 29. h4 Re7 30. Rg1 Kc4 31. h5 f5 32. Kg3 fxg4 33. fxg4 Rdd7 34. Rf1 Re6 35. Rf5 g6 36. hxg6 Rxg6 37. Kf4 Rd5 38. Rxd5 Kxd5 39. Kf5 Rg8 40. g5 Rf8+ 41. Bf6 Rg8 42. Bd4 Rf8+ 1/2-1/2

[Event "4th Rome Open 2019"]
[Site "Rome"]
[Date "2019.12.13"]
[Round "7.1"]
[White "Mikaelyan, Arman"]
[Black "Smirnov, Anton"]
[Result "1/2-1/2"]
[ECO "C00"]
[WhiteElo "2467"]
[BlackElo "2585"]
[Annotator "ChessBase"]
[PlyCount "137"]
[EventDate "2019.12.08"]
[EventType "swiss"]
[EventCountry "ITA"]
[SourceTitle "playchess.com"]
[Source "ChessBase"]
[SourceQuality "1"]
[TimeControl "40/5400+30:1800+30"]

1. e4 e6 2. d4 d5 3. Bd3 dxe4 4. Bxe4 Nf6 5. Bf3 c5 6. Ne2 Nc6 7. Be3 e5 8. Bxc6+ bxc6 9. dxe5 Qxd1+ 10. Kxd1 Ng4 11. Nd2 Nxe5 12. h3 Be7 13. f4 Ng6 14. g3 O-O 15. Ke1 Rb8 16. b3 Bf5 17. Rc1 h5 18. Kf2 Rfe8 19. Nc4 Nf8 20. Ne5 Rbc8 21. Kf3 f6 22. Nd3 c4 23. Nd4 Bd7 24. bxc4 c5 25. Nb3 Bc6+ 26. Kf2 Bxh1 27. Rxh1 Nd7 28. a4 f5 29. a5 Bf6 30. Kf3 Re4 31. Nd2 Rce8 32. Nxe4 fxe4+ 33. Ke2 exd3+ 34. Kxd3 Rd8 35. Ke4 Bc3 36. a6 Nf6+ 37. Kf3 Rd6 38. Bxc5 Rxa6 39. Rd1 Ra5 40. Be3 Bb4 41. Rd8+ Kh7 42. Rb8 Bd6 43. Rb5 Ra4 44. c5 Bc7 45. c6 a6 46. Rc5 Ra3 47. c3 a5 48. Bd4 a4 49. Be5 Ne8 50. Ke4 Ra1 51. Bxc7 Nxc7 52. Ke5 Rd1 53. Ra5 Kg6 54. c4 Re1+ 55. Kd6 Ne8+ 56. Kd7 Kf7 57. Rxa4 Rd1+ 58. Kc8 Nd6+ 59. Kc7 Ne8+ 60. Kb6 Rb1+ 61. Kc5 Rb3 62. c7 Nxc7 63. Ra7 Rxg3 64. Rxc7+ Kf6 65. Kd4 Rxh3 66. Ke4 g6 67. Rc6+ Kf7 68. Rc7+ Kf6 69. Rc6+ 1/2-1/2

[Event "4th Rome Open 2019"]
[Site "Rome"]
[Date "2019.12.13"]
[Round "7.2"]
[White "Tran, Tuan Minh"]
[Black "Dvirnyy, Danyyil"]
[Result "1-0"]
[ECO "E49"]
[WhiteElo "2529"]
[BlackElo "2487"]
[Annotator "ChessBase"]
[PlyCount "63"]
[EventDate "2019.12.08"]
[EventType "swiss"]
[EventCountry "ITA"]
[SourceTitle "playchess.com"]
[Source "ChessBase"]
[SourceQuality "1"]
[TimeControl "40/5400+30:1800+30"]

1. d4 Nf6 2. c4 e6 3. Nc3 Bb4 4. e3 O-O 5. Bd3 d5 6. a3 Bxc3+ 7. bxc3 dxc4 8. Bxc4 c5 9. Ne2 Qc7 10. Bd3 e5 11. O-O Nc6 12. Qc2 Be6 13. Bb2 Rac8 14. Rad1 h6 15. dxe5 Nxe5 16. c4 Nfg4 17. Nf4 Nxd3 18. Qxd3 Rfe8 19. Rd2 Ne5 20. Qc2 Rcd8 21. Rxd8 Rxd8 22. Nxe6 fxe6 23. Qe4 Nd3 24. Qxe6+ Kh7 25. Bc3 Rd6 26. Qe4+ Kg8 27. f4 a6 28. h3 Qf7 29. Rf3 Nc1 30. Kh2 Ne2 31. Be5 Rd1 32. Qc2 1-0